 Dungeon Crawl Stone Soup version 0.22-a0-469-gf26638a (webtiles) character file.

3 DrEnzyme the Grave Robber (level 1, -1/12 HPs)
             Began as an Octopode Wanderer on June 12, 2018.
             Slain by a kobold
             ... wielding a +0 dagger
              (2 damage)
             ... on level 1 of the Dungeon.
             The game lasted 00:00:34 (179 turns).

DrEnzyme the Grave Robber (Octopode Wanderer)        Turns: 179, Time: 00:00:35

Health: -1/12      AC:  1    Str: 12    XL:     1   Next: 50%
Magic:  3/3        EV: 12    Int: 15    God:
Gold:   50         SH:  0    Dex:  9    Spells: 4/4 levels left

rFire    . . .     SeeInvis .   (no weapon)
rCold    . . .     Gourm    .   (no shield)
rNeg     . . .     Faith    .   (helmet restricted)
rPois    .         Spirit   .   (no amulet)
rElec    .         Reflect  .   (no ring)
rCorr    .         Harm     .   (no ring)
MR       .....                  (no ring)
Stlth    ++........             (no ring)
HPRegen  0.04/turn              (no ring)
MPRegen  0.08/turn              (no ring)
                                (no ring)
                                (no ring)

@: no status effects
A: almost no armour, stealthy swim, amphibious, 8 rings, constrict 8, camouflage
1, gelatinous body 1
a: no special abilities


You were on level 1 of the Dungeon.
You were not hungry.

You visited 1 branch of the dungeon, and saw 1 of its levels.

You collected 50 gold pieces.

Inventory:

Hand Weapons
 d - a +0 club
Miscellaneous
 a - a fan of gales
Comestibles
 b - a chunk of flesh
 f - 2 rations


   Skills:
 + Level 0.3 Fighting
 + Level 0.3 Dodging
   Level 1.0 Shields
 + Level 0.3 Unarmed Combat
 - Level 2.0 Spellcasting
   Level 3.0 Necromancy
   Level 2.0 Transmutations
   Level 1.0 Ice Magic
 - Level 1.1 Evocations


You had 4 spell levels left.
You didn't know any spells.
Your spell library contained the following spells:

 Spells                   Type           Power        Failure   Level  Hunger
 Throw Frost              Conj/Ice       #.....       26%         2    ###....
 Summon Small Mammal      Summ           #...         22%         1    #......
 Recall                   Summ/Tloc      N/A          54%         3    ###....
 Ensorcelled Hibernation  Hex/Ice        #.....       26%         2    ###....


Dungeon Overview and Level Annotations

Branches:
Dungeon (1/15)

Altars:


Innate Abilities, Weirdness & Mutations

You cannot wear most types of armour.
You are very stealthy in the water. (Stealth+)
You are amphibious.
You can wear up to eight rings at the same time.
You can use your tentacles to constrict eight enemies at once.
Your skin changes colour to match your surroundings (Stealth+).
Your rubbery body absorbs attacks. (AC +1, EV +1)


Message History

The kobold picks up some gold.
The kobold throws a stone.
The stone hits you.
You see here a stone.
The kobold hits you.
You closely miss the kobold.
The kobold shouts!
You grab the kobold.
You constrict the kobold, but do no damage.
The kobold misses you.
You tentacle-slap the kobold.
The kobold is moderately wounded.
You constrict the kobold. The kobold closely misses you.
You tentacle-slap the kobold.
You kill the kobold!
You barely miss the kobold. Your grab misses the kobold.
The kobold hits you with a dagger.
* * * LOW HITPOINT WARNING * * *
You tentacle-slap the kobold but do no damage.
Your grab misses the kobold. The kobold hits you with a dagger.
You die...

#.#..>..... #.########.
#.# #.# #.# #.#
###.############
#...........(..######.#
#.##########.#.(@K...#
#. #.########.# # #.#
#.# #.# ..# ###


You could see a kobold.

Vanquished Creatures
  A hobgoblin (D:1)
  A kobold (D:1)
  A frilled lizard (D:1)
3 creatures vanquished.

Notes
Turn   | Place    | Note
-------+----------+-------------------------------------------
     0 | D:1      | DrEnzyme the Octopode Wanderer began the quest for the Orb.
     0 | D:1      | DrEnzyme set off with: a fan of gales, a +0 club, a ration
     0 | D:1      | Reached XP level 1. HP: 11/11 MP: 3/3
   179 | D:1      | Slain by a kobold

Vault maps used:
D:1:      co_arrival_random_square_maze

Action                   || total
-------------------------++-------
Melee: Unarmed           ||     7
       Constrict         ||     2
       Tentacles         ||     1
 Stab: Sleeping          ||     1
Dodge: Dodged            ||     3

Table legend:
 A = Spawn XP
 B = Non-spawn XP
 C = Spawn XP percentage of total XP
 D = Spawn monster count
 E = Non-spawn monster count
 F = Spawn count percentage of total count
 G = Total turns spent on level
                    A         B        C        D         E        F      G
               +---------+---------+-------+---------+---------+-------+---------
         Total |       0 |       5 |   0.0 |       0 |       3 |   0.0 |   179
               +---------+---------+-------+---------+---------+-------+---------
           D:1 |       0 |       5 |   0.0 |       0 |       3 |   0.0 |   179
               +---------+---------+-------+---------+---------+-------+---------
